 Dungeon Crawl Stone Soup version 0.24-a0-250-g6074511 (webtiles) character file.

Game seed: 3191410440373645501

12157 Hasart the Slicer (level 12, -4/74 HPs)
             Began as a Kobold Gladiator on Apr 15, 2019.
             Was a Priest of Wu Jian.
             Slain by a black mamba (14 damage)
             ... on level 2 of the Lair of Beasts.
             The game lasted 00:35:44 (12584 turns).

Hasart the Slicer (Kobold Gladiator)               Turns: 12584, Time: 00:35:44

Health: -4/74      AC:  9    Str: 14    XL:     12   Next: 16%
Magic:  18/18      EV: 22    Int: 10    God:    Wu Jian [***...]
Gold:   419        SH:  3    Dex: 18    Spells: 11/11 levels left

rFire    . . .     SeeInvis +   a - +1 rapier
rCold    + . .     Gourm    .   (shield restricted)
rNeg     . . .     Faith    .   B - +1 ring mail {rC+}
rPois    +         Spirit   .   A - +1 hat {SInv}
rElec    .         Reflect  +   Q - scarf {cloud immunity}
rCorr    .         Harm     .   (no gloves)
MR       .....                  o - +0 pair of boots
Stlth    ++++......             G - +3 amulet of reflection
HPRegen  0.22/turn              M - ring of poison resistance
MPRegen  0.16/turn              y - +2 ring of evasion

@: no status effects
A: small, carnivore
a: Wall Jump, Serpent's Lash, Renounce Religion


You were on level 2 of the Lair of Beasts.
You worshipped Wu Jian.
Wu Jian was most pleased with you.
You were full.

You visited 3 branches of the dungeon, and saw 12 of its levels.
You also visited: Ice Cave.

You collected 517 gold pieces.
You spent 98 gold pieces at shops.

Inventory:

Hand Weapons
 a - a +1 rapier (weapon)
Missiles
 d - 4 throwing nets (quivered)
Armour
 o - a +0 pair of boots (worn)
 A - a +1 hat of see invisible (worn)
 B - a +1 ring mail of cold resistance (worn)
 F - a +0 ring mail of fire resistance
 Q - a scarf of cloud immunity (worn)
Jewellery
 l - an uncursed ring of protection from magic
 t - an uncursed ring of see invisible
 y - a +2 ring of evasion (right hand)
 G - a +3 amulet of reflection (around neck)
 L - an uncursed ring of resist corrosion
 M - a ring of poison resistance (left hand)
Wands
 D - a wand of flame (7)
 S - a wand of random effects (7)
Scrolls
 g - 10 scrolls of identify {unknown}
 k - a scroll of immolation
 m - a scroll of fear
 n - 2 scrolls of blinking
 q - 2 scrolls of amnesia
 v - a scroll of enchant armour
 w - 6 scrolls of remove curse
 x - 2 scrolls of teleportation
 I - 2 scrolls of magic mapping
 O - 4 scrolls of fog {unknown}
Potions
 b - 3 potions of lignification {unknown}
 e - 2 potions of magic {unknown}
 i - 2 potions of heal wounds
 j - a potion of agility {unknown}
 p - a potion of might
 r - 3 potions of curing {unknown}
 s - a potion of mutation {unknown}
 u - 2 potions of berserk rage {unknown}
 z - 3 potions of ambrosia {unknown}
 E - 3 potions of flight {unknown}
 K - a potion of haste {unknown}
 N - a potion of degeneration {unknown}
 R - a potion of resistance {unknown}
 U - a potion of brilliance {unknown}
Comestibles
 f - 27 rations


   Skills:
 + Level 8.2 Fighting
 * Level 13.2 Short Blades
 - Level 2.1 Throwing
 + Level 5.7 Armour
 + Level 9.3 Dodging
 + Level 10.0 Stealth
 + Level 8.1 Evocations


You had 11 spell levels left.
You didn't know any spells.
Your spell library contained the following spells:

 Spells                   Type           Power        Failure   Level  Hunger
 Animate Skeleton         Necr           N/A          58%         1    ##.....
 Freeze                   Ice            #...         58%         1    ##.....
 Magic Dart               Conj           #...         58%         1    ##.....
 Pain                     Necr           #...         58%         1    ##.....
 Summon Butterflies       Summ           #.......     58%         1    ##.....
 Blink                    Tloc           N/A          73%         2    ###....
 Call Imp                 Summ           #.......     73%         2    ###....
 Slow                     Hex            #.......     73%         2    ###....
 Throw Frost              Conj/Ice       #.....       73%         2    ###....
 Call Canine Familiar     Summ           #.......     91%         3    ####...
 Conjure Flame            Conj/Fire      #.......     91%         3    ####...
 Mephitic Cloud           Conj/Pois/Air  #.......     91%         3    ####...
 Ozocubu's Armour         Chrm/Ice       #.......     91%         3    ####...
 Regeneration             Chrm/Necr      #.........   91%         3    ####...
 Vampiric Draining        Necr           #.........   91%         3    ####...
 Animate Dead             Necr           N/A          100%        4    #####..
 Ice Form                 Ice/Tmut       #.......     100%        4    #####..
 Iskenderun's Mystic Bla  Conj           #.......     100%        4    #####..
 Summon Ice Beast         Ice/Summ       #.......     100%        4    #####..
 Throw Icicle             Conj/Ice       #.......     100%        4    #####..
 Bolt of Magma            Conj/Fire/Erth #.........   100%        5    ######.
 Iskenderun's Battlesphe  Conj/Chrm      #.......     100%        5    ######.
 Summon Mana Viper        Hex/Summ       #.......     100%        5    ######.
 Venom Bolt               Conj/Pois      #.........   100%        5    ######.
 Iron Shot                Conj/Erth      #.........   100%        6    #######
 Orb of Destruction       Conj           #.........   100%        7    #######
 Spellforged Servitor     Conj/Summ      #.........   100%        7    #######
 Summon Hydra             Summ           #.........   100%        7    #######


Dungeon Overview and Level Annotations

Branches:
Dungeon (9/15)             Temple (1/1) D:6            Lair (2/6) D:8
  Swamp: Lair:2-4    Shoals: Lair:2-4     Snake: Lair:2-4    Spider: Lair:2-4
    Orc: D:9-12

Altars:
Ashenzari
Cheibriados
Fedhas
Hepliaklqana
Ru
Sif Muna
Trog
Uskayaw
Wu Jian
Zin

Shops:
D:6 :   D:8 *

Annotations:
Lair:1 3 runed translucent doors, Borgoz's ghost, journeyman KoGl


Innate Abilities, Weirdness & Mutations

You are small and have problems with some larger weapons.
You are carnivorous and can eat meat at any time.


Message History

Unknown command.
Unknown command.
You spin and attack the black mamba repeatedly.
You hit the black mamba but do no damage.
The black mamba is almost dead.
You miss the black mamba.
The black mamba is almost dead.
You spin and attack the yak repeatedly.
You hit the yak.
The yak is almost dead.
You puncture the yak!
You kill the yak!
The Council accepts your kill.
Your Stealth skill increases to level 10!
The black mamba completely misses you. x2
Unknown command.
Unknown command.
You barely miss the black mamba.
The black mamba is almost dead.
The black mamba bites you!
You die...

#...........
##...........
##............
###.....###.#...
#.....####.###..
###....## ### #..
#.......# ###.Y
###.S...### ###.#..
#..@..### ##..|...
#..[.## ##.......
###....# ##........
##.....## ###......#.#
##.....#.#
#......####.
###....########....###
## #.....## ##.....##
##....# ###.#...##
#..### #.##....##


You could see a black mamba (pinned).

Vanquished Creatures
  Gastronok (Lair:1)
  Harold (D:7)
  Urug (Lair:1)
  Joseph (D:7)
  2 spiny frogs (Lair:2)
  An ice devil (IceCv)
  A komodo dragon (D:8)
  Prince Ribbit (D:5)
  Grinder (D:3)
  2 hippogriffs
  3 blink frogs (Lair:1)
  Sigmund (D:6)
  A vampire (D:9)
  11 yaks
  A basilisk (Lair:2)
  Menkaure (D:6)
  A water moccasin (Lair:1)
  4 porcupines
  2 sky beasts (D:8)
  2 orc warriors
  2 phantoms
  3 ice beasts
  7 ogres
  6 crocodiles
  4 centaurs
  4 bullfrogs
  2 scorpions
  2 howler monkeys (D:8)
  5 crimson imps
  2 quasits
  2 centaur zombies
  2 hounds
  5 jellies
  An orc priest (D:8)
  Crazy Yiuf (D:3)
  2 iguanas (D:6)
  Terence (D:3)
  4 worker ants
  6 orc wizards
  17 adders
  4 gnolls (D:8)
  A shadow imp (D:6)
  12 white imps (Lair:1)
  6 oozes
  An adder zombie (D:7)
  3 adder skeletons
  2 dart slugs
  11 leopard geckos
  25 orcs
  6 giant cockroaches
  5 hobgoblins
  9 jackals
  5 kobolds
  2 quokkas (D:5)
  A ball python skeleton (D:4)
  7 bats
  2 frilled lizards (D:1)
  11 goblins
  7 rats
237 creatures vanquished.

Vanquished Creatures (others)
  2 plants
2 creatures vanquished.

Grand Total: 239 creatures vanquished

Notes
Turn   | Place    | Note
-------+----------+-------------------------------------------
     0 | D:1      | Hasart the Kobold Gladiator began the quest for the Orb.
     0 | D:1      | Reached XP level 1. HP: 12/12 MP: 1/1
    31 | D:1      | Reached XP level 2. HP: 13/17 MP: 2/2
    36 | D:1      | Reached skill level 1 in Stealth
   207 | D:1      | Reached XP level 3. HP: 17/22 MP: 3/3
   781 | D:2      | Reached XP level 4. HP: 25/27 MP: 4/4
   803 | D:2      | Reached skill level 5 in Short Blades
   944 | D:2      | Reached skill level 1 in Armour
  1204 | D:2      | Found a hide-covered altar of Uskayaw.
  1426 | D:2      | Found a faded altar of an unknown god.
  1712 | D:3      | Noticed Terence
  1718 | D:3      | Killed Terence
  1718 | D:3      | Reached XP level 5. HP: 32/32 MP: 5/5
  1724 | D:3      | Noticed Grinder
  1729 | D:3      | Paralysed by Grinder for 6 turns
  2055 | D:3      | Reached skill level 1 in Evocations
  2071 | D:3      | Paralysed by Grinder for 4 turns
  2078 | D:3      | Killed Grinder
  2078 | D:3      | Reached skill level 6 in Short Blades
  2078 | D:3      | Reached XP level 6. HP: 34/37 MP: 5/7
  2254 | D:3      | Reached XP level 7. HP: 36/41 MP: 8/8
  2350 | D:3      | Found a runed translucent door.
  2351 | D:3      | Noticed Crazy Yiuf
  2358 | D:3      | Killed Crazy Yiuf
  2930 | D:3      | Reached skill level 5 in Dodging
  3261 | D:4      | Found a snail-covered altar of Cheibriados.
  3748 | D:4      | Reached skill level 7 in Short Blades
  3748 | D:4      | Reached XP level 8. HP: 48/48 MP: 10/10
  4073 | D:5      | Entered Level 5 of the Dungeon
  4142 | D:5      | Found a hazy altar of Hepliaklqana.
  4144 | D:5      | Found a deep blue altar of Sif Muna.
  4237 | D:5      | Noticed Prince Ribbit
  4247 | D:5      | Killed Prince Ribbit
  4462 | D:5      | Reached skill level 8 in Short Blades
  4478 | D:5      | Identified Sif Muna's Volume of Glacial Combat Magic
  4479 | D:5      | Reached skill level 5 in Stealth
  4480 | D:5      | Found a shattered altar of Ashenzari.
  4845 | D:5      | Reached XP level 9. HP: 41/53 MP: 10/12
  4902 | D:5      | Found a blossoming altar of Fedhas.
  4904 | D:5      | Found a sacrificial altar of Ru.
  4958 | D:6      | Noticed Menkaure
  4971 | D:6      | Killed Menkaure
  4971 | D:6      | Reached skill level 5 in Fighting
  4978 | D:6      | Noticed Sigmund
  5209 | D:6      | Killed Sigmund
  5268 | D:6      | Found a staircase to the Ecumenical Temple.
  5279 | Temple   | Entered the Ecumenical Temple
  5286 | Temple   | Became a worshipper of the Wu Jian Council
  5317 | D:6      | Found Uzacw's Book Shoppe.
  5675 | D:6      | Reached skill level 9 in Short Blades
  6567 | D:7      | Found a glowing silver altar of Zin.
  6611 | D:7      | Reached skill level 5 in Evocations
  6649 | D:7      | Reached * piety under Wu Jian
  6777 | D:7      | Reached skill level 10 in Short Blades
  6777 | D:7      | Reached XP level 10. HP: 57/60 MP: 14/14
  6855 | D:7      | Noticed Joseph
  6874 | D:7      | Killed Joseph
  7177 | D:7      | Noticed Harold
  7199 | D:7      | Killed Harold
  7732 | D:8      | Found the +8 frozen axe "Frostbite" {freezing cloud, *Noise
                  | +Fly rC+}
  7787 | D:8      | Reached skill level 11 in Short Blades
  8283 | D:8      | Reached ** piety under Wu Jian
  8756 | D:8      | Found Ixat's General Store.
  8764 | D:8      | Bought a scarf of cloud immunity for 98 gold pieces
  8974 | D:8      | Found a staircase to the Lair.
  8982 | D:8      | Noticed a komodo dragon
  8996 | D:8      | Killed a komodo dragon
  9621 | D:9      | Reached XP level 11. HP: 42/66 MP: 14/16
 10307 | Lair:1   | Entered Level 1 of the Lair of Beasts
 10365 | Lair:1   | Found a runed translucent gate.
 10365 | Lair:1   | Found a runed translucent gate.
 10365 | Lair:1   | Found a runed translucent gate.
 10366 | Lair:1   | Noticed a spectral death yak
 10366 | Lair:1   | Noticed Borgoz's ghost (journeyman KoGl)
 10374 | Lair:1   | Reached skill level 12 in Short Blades
 10374 | Lair:1   | Reached skill level 5 in Armour
 10375 | Lair:1   | Noticed Urug
 10382 | Lair:1   | Killed Urug
 10518 | Lair:1   | Found a frozen archway.
 10723 | IceCv    | Entered an ice cave
 10831 | IceCv    | Reached *** piety under Wu Jian
 11657 | Lair:1   | Noticed Gastronok
 11678 | Lair:1   | Killed Gastronok
 12256 | Lair:2   | Reached skill level 13 in Short Blades
 12256 | Lair:2   | Reached XP level 12. HP: 73/73 MP: 17/17
 12583 | Lair:2   | Reached skill level 10 in Stealth
 12584 | Lair:2   | Slain by a black mamba

Levels and vault maps discovered:
D:1:      lightli_arrival_quake, layout_basic, st_stairs_4
D:2:      layout_loops_ring, marbit_many_paths,
          chequers_ecumenical_altar_simple_redux, minmay_pentomino_w4
D:3:      layout_rooms, uniq_crazy_yiuf_cottage, uniq_terence, uniq_grinder
D:4:      layout_basic, cheibriados_altar_1
D:5:      layout_loops_cross, nicolae_overflow_hidden_temple, first_ration,
          nicolae_sextant, evilmike_ruin_ashenzari, uniq_prince_ribbit1
D:6:      minmay_chambers_of_threes, layout_loops_ring,
          minmay_temple_entry_slanted, serial_shops, shop, uniq_menkaure,
          uniq_sigmund
D:7:      layout_rooms, lemuel_crystal_altar, eino_curves_03, uniq_harold,
          uniq_joseph
D:8:      layout_basic, david_lair_shrubbed, serial_shops, shop,
          hangedman_little_slice_of_home
D:9:      layout_loops_cross
Temple:   regret_index_temple_waves
Lair:1:   layout_hall_layers, gammafunk_ghost_necromancy,
          portal_ice_cave_entry_imps, beast_lair_carwin_2, uniq_urug,
          uniq_gastronok
Lair:2:   layout_concentric_octagons, grunt_megastairs_5
IceCv:    ice_cave_tombish

Skill      XL: |  1  2  3  4  5  6  7  8  9 10 11 12 |
---------------+-------------------------------------+-----
Stealth        | 1 2 3 4 5 6 8 9 10 | 10.0
Dodging        | 4 5 6 8 9 |  9.3
Short Blades   | 5 6 7 8 10 11 13 | 13.2
Armour         | 1 2 3 4 5 |  5.7
Fighting       | 3 4 5 6 8 |  8.2
Evocations     | 2 3 4 5 6 7 8 |  8.1
Throwing       | |  2.1

Action                   |  1- 3 |  4- 6 |  7- 9 | 10-12 || total
-------------------------+-------+-------+-------+-------++-------
Melee: Rapier            |    97 |   118 |   395 |   892 ||  1502
Throw: Throwing net      |       |       |       |     2 ||     2
Invok: Lunge             |       |       |    11 |    44 ||    55
       Whirlwind         |       |       |       |   266 ||   266
 Abil: Wall Jump         |       |       |       |    13 ||    13
Evoke: Wand              |       |     9 |    19 |    27 ||    55
  Use: Potion            |       |       |     1 |       ||     1
       Scroll            |       |       |       |    11 ||    11
 Stab: Sleeping          |       |     6 |     7 |     8 ||    21
       Paralysed         |       |       |     3 |     2 ||     5
       Distracted        |       |       |     2 |     1 ||     3
       Held in net/web   |       |       |       |     3 ||     3
  Eat: Chunk             |     8 |     5 |    14 |    17 ||    44
Armor: Leather armour    |    22 |    40 |       |       ||    62
       Ring mail         |       |       |    50 |   119 ||   169
Dodge: Dodged            |    91 |   127 |   218 |   415 ||   851
Block: Other             |       |       |    26 |    57 ||    83
       Reflection        |       |       |       |     2 ||     2

Table legend:
 A = Non-vault XP
 B = Vault XP
 C = Vault XP percentage of total XP
 D = Non-vault monster count
 E = Vault monster count
 F = Vault count percentage of total count
                 A         B        C        D         E       F
            +---------+---------+-------+---------+---------+-------
      Total |    9275 |    8093 |  46.6 |     181 |      56 |  23.6
            +---------+---------+-------+---------+---------+-------
        D:1 |      47 |       1 |   2.1 |      26 |       1 |   3.7
        D:2 |      44 |      37 |  45.7 |      16 |       6 |  27.3
        D:3 |     220 |     347 |  61.2 |      18 |       3 |  14.3
        D:4 |     584 |       0 |   0.0 |      13 |       0 |   0.0
        D:5 |     413 |     291 |  41.3 |      11 |       1 |   8.3
        D:6 |      65 |    1057 |  94.2 |       3 |      14 |  82.4
        D:7 |    1215 |    1426 |  54.0 |      21 |       2 |   8.7
        D:8 |    1200 |     502 |  29.5 |      33 |       9 |  21.4
        D:9 |     855 |       0 |   0.0 |      16 |       0 |   0.0
     Lair:1 |    2958 |    3676 |  55.4 |      16 |      18 |  52.9
     Lair:2 |    1674 |     389 |  18.9 |       8 |       1 |  11.1
      IceCv |       0 |     367 | 100.0 |       0 |       1 | 100.0
            +---------+---------+-------+---------+---------+-------
